AoeStats
← Dafixios

Arabia

509750468Analyzed
1v1 RM · 5d ago on Sep 27, 2026· 36m 31s· 2 players
Game mode
Random Map
Map size
Tiny (2 player)
Population
200
Speed
Normal
Resources
Standard
Victory
Conquest
Starting age
Dark Age
Ending age
Imperial Age
RankedLock teamsTeams togetherTeam positionsShared explorationLock speedFull tech treeHidden civsTurbo modeCheats
Victory
Defeat
🇵🇪 Saracens · Peru
1168
+17
🇲🇽 Franks · Mexico
1194
-17
Rei chikita gamer
5:25 Loom
10:50 Feudal Age
11:41 Double-Bit Axe
17:07 Castle Age
18:00 Bow Saw
20:42 Horse Collar
24:03 Gold Mining
27:53 Scale Barding Armor
28:15 Husbandry
29:55 Wheelbarrow
30:28 Chain Barding Armor
36:21 Imperial Age
33:46 Elite Skirmisher
35:14 Forging
35:40 Heavy Plow
37:24 Conscription
37:41 Plate Barding Armor
Dafixios
6:34 Loom
9:07 Feudal Age
10:25 Town Watch
17:19 Double-Bit Axe
22:49 Castle Age
22:17 Gold Mining
24:56 Gold Shaft Mining
24:33 Bow Saw
28:28 Fletching
30:46 Wheelbarrow
35:04 Elite Skirmisher
Connection lost

Rejoining the realm…

Still unreachable

The connection could not be restored.

Session expired

The server has moved on; the page needs a fresh start.